 Dungeon Crawl Stone Soup version 0.31-a0-237-g2d982f9f85 (webtiles) character file.

Game seed: 14745867542150713095

91 qw the Shooter (level 4, -3/26 HPs)
             Began as a Gargoyle Hexslinger on July 10, 2023.
             Slain by an orc
             ... wielding a +0 war axe
              (7 damage)
             ... on level 2 of the Dungeon.
             The game lasted 00:00:53 (1627 turns).

qw the Shooter (Gargoyle Hexslinger)                Turns: 1627, Time: 00:00:53

Health: -3/26      AC:  9    Str: 12    XL:     4   Next: 59%
Magic:  5/5        EV: 10    Int: 13    God:
Gold:   42         SH:  0    Dex: 14    Spells: 4/5 levels left

rFire   . . .        Y - +1 sling
rCold   . . .        (no shield)
rNeg    + . .        m - +0 ring mail
rPois   inf          k - +0 helmet
rElec   +            (no cloak)
rCorr   .            (no gloves)
SInv    .            (no boots)
Will    .....        (no amulet)
Stlth   +            (no ring)
HPRegen 0.24/turn    (no ring)
MPRegen 0.09/turn

%: no passive effects
@: no status effects
A: sickness immunity, AC +3, negative energy resistance 1, electricity
resistance, torment resistance 1, petrification resistance
a: no special abilities


You were on level 2 of the Dungeon.
You visited 1 branch of the dungeon, and saw 2 of its levels.

You collected 42 gold pieces.


Innate Abilities, Weirdness & Mutations

You are immune to sickness and miasma.
Your stone body is resilient. (AC +3)
You are immune to poison.
You resist negative energy. (rN+)
You are resistant to electric shocks. (rElec)
You are resistant to unholy torment.
You are immune to petrification.


   Skills:
 - Level 2.0 Fighting
 + Level 4.2 Ranged Weapons
 - Level 1.0 Armour
 - Level 1.5 Dodging
 - Level 1.0 Spellcasting
 - Level 2.6 Hexes


You had 4 spell levels left.
You knew the following spells:

 Your Spells              Type           Power      Damage    Failure   Level
a - Slow                  Hex            28%        N/A       22%         1

Your spell library contained the following spells:

 Spells                   Type           Power      Damage    Failure   Level
 Inner Flame              Hex/Fire       4%         N/A       73%         3
 Portal Projectile        Hex/Tloc       8%         N/A       73%         3
 Cause Fear               Hex            3%         N/A       91%         4

Inventory:

Hand Weapons
 Y - a +1 sling (weapon)
Armour
 k - a +0 helmet (worn)
 m - a +0 ring mail (worn)
Scrolls
 a - a scroll of identify
Potions
 b - a potion of enlightenment
 l - a potion of resistance {unknown}

Dungeon Overview and Level Annotations

Branches:
Dungeon (2/15)

Altars:


Message History

The jackal bites you but does no damage.
The adder closely misses you. x2; The adder bites you but does no damage.
The jackal bites you but does no damage.
The adder bites you but does no damage.
You shoot a sling bullet. The sling bullet hits the adder!
You kill the adder!
The jackal bites you but does no damage.
The adder bites you but does no damage. The jackal bites you.
The adder bites you.
You shoot a sling bullet.
The sling bullet hits the orc but does no damage.
The jackal bites you but does no damage.
The adder bites you but does no damage. The orc barely misses you.
The jackal bites you but does no damage.
The adder misses you.
You shoot a sling bullet. The sling bullet barely misses the orc.
The orc hits you but does no damage. The jackal barely misses you.
The adder barely misses you. The orc barely misses you.
You shoot a sling bullet. The sling bullet hits the orc.
The orc is severely wounded.
The jackal closely misses you. The adder bites you.
The jackal closely misses you. The orc hits you with a +0 war axe.
The adder bites you but does no damage.
You shoot a sling bullet. The sling bullet barely misses the orc.
The jackal bites you but does no damage.
The adder bites you but does no damage. The orc misses you.
The jackal misses you. The adder bites you but does no damage.
You shoot a sling bullet.
The sling bullet hits the orc but does no damage.
The orc is severely wounded.
The jackal completely misses you. The orc hits you with a +0 war axe.
The adder closely misses you.
The jackal bites you but does no damage.
The orc hits you but does no damage.
You shoot a sling bullet.
The sling bullet hits the orc but does no damage.
The orc is severely wounded.
The adder closely misses you. The jackal closely misses you.
The adder bites you but does no damage. The orc hits you with a +0 war axe!
You die...

#.......# ...
#..>....# ..
#.......# ..
#.......# .
#.......# #.
#.......#
#.#######.#######
#.oS.%....#
###@#.#####
#..h#.....#
##.#...##.#
...+...#
.....#...#
#######.....
######### #...###
#........ #...#
#.####### #...#
#.##.....


You could see an adder, an orc and a jackal.

Vanquished Creatures
  5 adders (D:2)
  A dart slug (D:1)
  5 bats
  An endoplasm (D:1)
  A giant cockroach (D:2)
  5 goblins
  5 hobgoblins
  A jackal (D:2)
  3 quokkas
  5 ball pythons
  A frilled lizard (D:1)
  5 kobolds
  4 rats
42 creatures vanquished.

Notes
Turn   | Place    | Note
-------+----------+-------------------------------------------
     0 | D:1      | qw the Gargoyle Hexslinger began the quest for the Orb.
     0 | D:1      | Reached XP level 1. HP: 12/12 MP: 2/2
     0 | D:1      | 0 ||| qw: Version: 0.3-a-52-g30416fa
     0 | D:1      | 0 ||| qw: Game counter: 5384
     0 | D:1      | 0 ||| qw: Melee chars always use a shield: true
     0 | D:1      | 0 ||| qw: God list: Okawaru
     0 | D:1      | 0 ||| qw: Allow faded altars: false
     0 | D:1      | 0 ||| qw: Do Orc after clearing Dungeon:15 true
     0 | D:1      | 0 ||| qw: Do second Lair branch before Depths: true
     0 | D:1      | 0 ||| qw: Lair rune preference: random
     0 | D:1      | 0 ||| qw: Goals: Normal
     0 | D:1      | 0 ||| PLANNING D:1-11
   142 | D:1      | Reached XP level 2. HP: 16/16 MP: 3/3
   269 | D:1      | Reached skill level 3 in Ranged Weapons
   573 | D:1      | 573 ||| UPGRADING to +0 leather armour.
   583 | D:1      | 583 ||| DROPPING +0 robe.
   584 | D:1      | 584 ||| UPGRADING to +0 helmet.
   589 | D:1      | 589 ||| UPGRADING to +0 ring mail.
   599 | D:1      | 599 ||| DROPPING +0 leather armour.
   600 | D:1      | 600 ||| READING 3 scrolls labelled LUOSTR ANIV MISCH.
   601 | D:1      | 601 ||| READING scroll labelled CEDGHE BOREI.
   602 | D:1      | 602 ||| READING 2 scrolls labelled DUKHOD JI YSY.
   603 | D:1      | 603 ||| READING scroll labelled JOCRUNE GYELEL.
   604 | D:1      | 604 ||| READING scroll labelled ABAUFI SU SIC.
   605 | D:1      | 605 ||| READING 2 scrolls of identify.
   605 | D:1      | 605 ||| IDENTIFYING golden potion
   606 | D:1      | 606 ||| DROPPING scroll of poison.
   607 | D:1      | 607 ||| DROPPING potion of attraction.
   608 | D:1      | 608 ||| DROPPING scroll of blinking.
   716 | D:2      | Reached XP level 3. HP: 21/21 MP: 4/4
  1049 | D:2      | Reached skill level 1 in Armour
  1103 | D:2      | Found a faded altar of an unknown god.
  1288 | D:2      | 1288 ||| READING 2 scrolls of identify.
  1288 | D:2      | 1288 ||| IDENTIFYING bubbling emerald potion
  1323 | D:2      | 1323 ||| STAIRDANCE
  1327 | D:2      | 1327 ||| STAIRDANCE
  1331 | D:2      | 1331 ||| STAIRDANCE
  1335 | D:2      | 1335 ||| STAIRDANCE
  1339 | D:2      | 1339 ||| STAIRDANCE
  1343 | D:2      | 1343 ||| STAIRDANCE
  1347 | D:2      | 1347 ||| STAIRDANCE
  1351 | D:2      | 1351 ||| STAIRDANCE
  1355 | D:2      | 1355 ||| STAIRDANCE
  1359 | D:2      | 1359 ||| STAIRDANCE
  1363 | D:2      | 1363 ||| STAIRDANCE
  1367 | D:2      | 1367 ||| STAIRDANCE
  1371 | D:2      | 1371 ||| STAIRDANCE
  1375 | D:2      | 1375 ||| STAIRDANCE
  1379 | D:2      | 1379 ||| STAIRDANCE
  1383 | D:2      | 1383 ||| STAIRDANCE
  1387 | D:2      | 1387 ||| STAIRDANCE
  1391 | D:2      | 1391 ||| STAIRDANCE
  1395 | D:2      | 1395 ||| STAIRDANCE
  1399 | D:2      | 1399 ||| STAIRDANCE
  1470 | D:2      | Reached XP level 4. HP: 16/26 MP: 5/5
  1534 | D:2      | Reached skill level 4 in Ranged Weapons
  1624 | D:2      | HP: 6/26 [orc/+0 war axe (5)]
  1627 | D:2      | Slain by an orc

Levels and vault maps discovered:
D:1:      roderic_dead_forest, layout_basic
D:2:      layout_basic, shapermc_ecumenical_altar_rom_forum, serial_park_tiny_1

Skill      XL: |  1  2  3  4 |
---------------+-------------+-----
Ranged Weapons | 3 4 |  4.2
Fighting       | 2 |  2.0
Armour         | 1 |  1.0
Dodging        | |  1.5
Spellcasting   | |  1.0
Hexes          | |  2.6

Action                     |  1- 3 |  4- 6 || total
---------------------------+-------+-------++-------
   Fire: Sling             |   137 |    47 ||   184
    Use: Scroll            |     7 |       ||     7
 Armour: Robe              |     7 |       ||     7
         Ring mail         |    36 |    66 ||   102
  Dodge: Dodged            |    68 |    53 ||   121

Table legend:
 A = Non-vault XP
 B = Vault XP
 C = Vault XP percentage of total XP
 D = Non-vault monster count
 E = Vault monster count
 F = Vault count percentage of total count
                 A         B        C        D         E       F
            +---------+---------+-------+---------+---------+-------
      Total |     131 |       0 |   0.0 |      42 |       0 |   0.0
            +---------+---------+-------+---------+---------+-------
        D:1 |      32 |       0 |   0.0 |      19 |       0 |   0.0
        D:2 |      99 |       0 |   0.0 |      23 |       0 |   0.0
            +---------+---------+-------+---------+---------+-------
